AoeStats
← BEARFISTS

Arena

506549256Analyzed
2v2 RM · 19d ago on Sep 14, 2026· 65m 58s· 4 players
Game mode
Random Map
Map size
Medium (4 player)
Population
200
Speed
Normal
Resources
Standard
Victory
Conquest
Starting age
Dark Age
Ending age
Imperial Age
RankedLock teamsTeams togetherTeam positionsShared explorationLock speedFull tech treeHidden civsTurbo modeCheats
Victory
Defeat
🇺🇸 Malay · United States
834
+14
🇨🇴 Ethiopians · Colombia
772
+16
🇨🇦 Magyars · Canada
807
-16
🇨🇦 Romans · Canada
766
-14
Baklawa
10:43 Feudal Age
11:10 Double-Bit Axe
11:09 Horse Collar
15:39 Bloodlines
16:49 Wheelbarrow
19:58 Castle Age
18:43 Scale Barding Armor
21:33 Husbandry
22:15 Hand Cart
22:21 Loom
22:43 Heavy Plow
22:54 Bow Saw
24:31 Light Cavalry
27:35 Corvinian Army
31:46 Chain Barding Armor
35:25 Imperial Age
34:03 Caravan
35:40 Cavalier
36:58 Plate Barding Armor
37:06 Crop Rotation
37:38 Two-Man Saw
38:01 Ballistics
37:56 Masonry
38:56 Chemistry
37:52 Fletching
38:03 Padded Archer Armor
38:01 Elite Magyar Huszar
38:45 Recurve Bow
40:45 Paladin
45:24 Bodkin Arrow
45:44 Leather Archer Armor
50:02 Thumb Ring
50:23 Parthian Tactics
50:01 Bracer
50:02 Scale Mail Armor
52:22 Heavy Cavalry Archer
63:19 Elite Skirmisher
PriestDudeist
12:20 Feudal Age
13:50 Double-Bit Axe
13:55 Horse Collar
16:33 Castle Age
17:43 Bow Saw
19:57 Forging
19:49 Scale Mail Armor
20:30 Man-at-Arms
21:42 Long Swordsman
24:48 Iron Casting
24:26 Heavy Plow
26:25 Chain Mail Armor
31:15 Imperial Age
32:32 Ballistas
34:29 Wheelbarrow
33:37 Legionary
35:47 Heavy Scorpion
37:54 Comitatenses
38:01 Conscription
38:28 Ballistics
39:01 Caravan
43:20 Blast Furnace
43:59 Conscription
46:04 Squires
61:56 Hand Cart
62:44 Chemistry
61:56 Siege Engineers
BEARFISTS
4:18 Loom
12:23 Feudal Age
12:55 Double-Bit Axe
16:15 Man-at-Arms
17:07 Forging
21:10 Castle Age
21:38 Bow Saw
21:15 Horse Collar
22:42 Iron Casting
22:14 Scale Barding Armor
25:52 Wheelbarrow
26:37 Caravan
27:47 Hand Cart
27:42 Heavy Plow
32:49 Imperial Age
30:12 Long Swordsman
30:54 Squires
32:56 Forced Levy
34:59 Blast Furnace
34:28 Conscription
33:45 Two-Handed Swordsman
35:11 Siege Engineers
36:10 Crop Rotation
35:35 Gold Mining
35:35 Stone Mining
36:17 Elite Battle Elephant
38:50 Arson
40:10 Light Cavalry
41:02 Onager
42:38 Pikeman
43:53 Halberdier
44:49 Halberdier
49:23 Elite Karambit Warrior
ElAbueloXD12
11:17 Feudal Age
15:19 Castle Age
13:35 Double-Bit Axe
15:39 Horse Collar
16:45 Bow Saw
18:00 Forging
17:56 Scale Barding Armor
17:54 Scale Mail Armor
22:21 Loom
23:44 Iron Casting
23:15 Scale Barding Armor
27:33 Town Watch
28:25 Wheelbarrow
28:51 Stone Mining
28:52 Gold Mining
32:38 Imperial Age
30:49 Ballistics
30:28 Murder Holes
31:35 Squires
31:57 Chain Mail Armor
31:33 Fletching
31:44 Padded Archer Armor
33:00 Gold Shaft Mining
33:04 Stone Shaft Mining
33:10 Hand Cart
33:22 Bodkin Arrow
34:32 Chemistry
33:56 Masonry
33:29 Crossbowman
34:49 Bracer
35:05 Leather Archer Armor
35:18 Guilds
35:25 Thumb Ring
37:07 Two-Man Saw
35:41 Halberdier
37:23 Ring Archer Armor
38:16 Conscription
38:43 Architecture
37:45 Arbalester
40:12 Caravan
42:42 Blast Furnace
42:14 Plate Mail Armor
59:59 Siege Engineers
Connection lost

Rejoining the realm…

Still unreachable

The connection could not be restored.

Session expired

The server has moved on; the page needs a fresh start.